 Dungeon Crawl Stone Soup version 0.32-a0-30-gefbe487952 (webtiles) character file.

Game seed: 5967694653669901925

2 zazu2006 the Insei (level 1, 13/13 HPs)
             Began as a Gnoll Wanderer on Jan 19, 2024.
             Quit the game on level 1 of the Dungeon.
             The game lasted 00:00:22 (19 turns).

zazu2006 the Insei (Gnoll Wanderer)                   Turns: 19, Time: 00:00:22

Health: 13/13      AC:  3    Str:  9    XL:     1   Next: 40%
Magic:  2/2        EV: 13    Int: 11    God:
Gold:   0          SH:  0    Dex: 13    Spells: 0/0 levels left

rFire   . . .        a - +2 quarterstaff
rCold   . . .        (shield currently unavailable)
rNeg    . . .        e - +0 robe
rPois   .            (no helmet)
rElec   .            (no cloak)
rCorr   .            c - +0 pair of gloves
SInv    .            (no boots)
Will    .....        (no amulet)
Stlth   +            (no ring)
HPRegen 0.22/turn    (no ring)
MPRegen 0.08/turn

%: no passive effects
@: no status effects
A: fangs 1, strong nose, distributed training
a: no special abilities


You were on level 1 of the Dungeon.
You visited 1 branch of the dungeon, and saw 1 of its levels.

Inventory:

Hand Weapons
 a - a +2 quarterstaff (weapon)
Armour
 c - a +0 pair of gloves (worn)
 e - a +0 robe (worn)
Scrolls
 d - a scroll of silence
Potions
 b - a potion of mutation


   Skills:
 + Level 0.0 Fighting
 + Level 0.0 Short Blades
 + Level 0.0 Long Blades
 + Level 0.0 Axes
 + Level 0.0 Maces & Flails
 + Level 0.0 Polearms
 + Level 4.4 Staves
 + Level 0.0 Ranged Weapons
 + Level 2.3 Throwing
 + Level 0.0 Armour
 + Level 4.4 Dodging
 + Level 0.0 Stealth
 + Level 0.0 Shields
 + Level 6.4 Unarmed Combat
 + Level 0.0 Spellcasting
 + Level 0.0 Conjurations
 + Level 0.0 Hexes
 + Level 0.0 Summonings
 + Level 0.0 Necromancy
 + Level 0.0 Translocations
 + Level 0.0 Fire Magic
 + Level 0.0 Ice Magic
 + Level 0.0 Air Magic
 + Level 0.0 Earth Magic
 + Level 0.0 Alchemy
 + Level 2.4 Invocations
 + Level 2.3 Evocations
 + Level 0.0 Shapeshifting


You couldn't memorise any spells.
You didn't know any spells.
Your spell library was empty.

Dungeon Overview and Level Annotations

Branches:
Dungeon (1/15)

Altars:


Innate Abilities, Weirdness & Mutations

You have very sharp teeth.
Your uncanny sense of smell can sniff out nearby items.
Your experience applies equally to all skills.


Message History

Welcome, zazu2006 the Gnoll Wanderer.
The splendid Orb of Zot lies far below, as if waiting for you to find it.
Press ? for a list of commands and other information.
Found a staircase leading out of the dungeon.
You begin with the following items: a +2 quarterstaff, a potion of mutation, a +0 pair of gloves, a scroll of silence, a +0 robe.
There is a staircase leading out of the dungeon here.
There is a staircase leading out of the dungeon here.
You open the door.
A hobgoblin and a kobold come into view.
The kobold is wielding a +1 short sword of electrocution.
The kobold shouts!
The hobgoblin shouts!
The hobgoblin moves out of view.
You thump the kobold!
You kill the kobold!
There is an open door here.
Things that are here:
a +1 short sword of electrocution; a kobold corpse You sock the hobgoblin!
You kill the hobgoblin!
You see here a hobgoblin corpse.
There is an open door here.
Things that are here:
a +1 short sword of electrocution; a kobold corpse Are you sure you want to abandon this character and quit the game? (Confirm with "yes".)

.. .... #.
.... #. ...#
.. ...# #.
#...# ####.
....#
#....#....##.
#.†.......
#+###@#...###
#.~#~.# ###
#.~~~.#
#.~8~.#
#.....#
#♣...♣#
#P♣.♣P#
##P.P##
#P#<#P#


There were no monsters in sight!

Vanquished Creatures
  A hobgoblin (D:1)
  A kobold (D:1)
2 creatures vanquished.

Notes
Turn   | Place    | Note
-------+----------+-------------------------------------------
     0 | D:1      | zazu2006 the Gnoll Wanderer began the quest for the Orb.
     0 | D:1      | zazu2006 set off with the following items: a +2
                  | quarterstaff, a potion of mutation, a +0 pair of gloves, a
                  | scroll of silence, a +0 robe.
     0 | D:1      | Reached XP level 1. HP: 13/13 MP: 2/2
    19 | D:1      | Quit the game

Illustrated notes

Levels and vault maps discovered:
D:1:      tarquinn_simple_flora_water_d, layout_basic,
          ebering_ecumenical_altar_hall

Action                     || total
---------------------------++-------
  Melee: Quarterstaff      ||     2

Table legend: (Time is in decaauts)
 A = Elapsed time spent in this place.
 B = Non-inter-level travel time spent in this place.
 C = Inter-level travel time spent in this place.
 D = Time resting spent in this place.
 E = Time spent auto-exploring this place.
 F = Levels seen in this place.
 G = Mean time per level.
                   A        B        C        D        E       F      G
               +--------+--------+--------+--------+--------+-----+--------+
         Total |     19 |     19 |      0 |      0 |     11 |   1 |   19.0 |
       Dungeon |     19 |     19 |      0 |      0 |     11 |   1 |   19.0 |
               +--------+--------+--------+--------+--------+-----+--------+

Top non-repeatable levels by time:
     D:1: 19 daAuts
